 Dungeon Crawl Stone Soup version 0.31.0-11-ge490571c62 (webtiles) character file.

Game seed: 17313518281586932877

21485 Peloso the Fencer (level 12, -5/111 HPs)
             Began as a Minotaur Fighter on Feb 9, 2024.
             Was the Champion of Okawaru.
             Slain by a skyshark (8 damage)
             ... on level 2 of the Lair of Beasts.
             The game lasted 00:24:00 (11330 turns).

Peloso the Fencer (Minotaur Fighter)               Turns: 11330, Time: 00:24:00

Health: -5/111     AC: 23    Str: 19    XL:     12   Next: 54%
Magic:  12/12      EV: 10    Int: 10    God:    Okawaru [******]
Gold:   1084       SH:  7    Dex: 15    Spells: 11/11 levels left

rFire   + . .        a - +0 scimitar
rCold   . . .        d - +0 buckler
rNeg    . . .        E - +4 chain mail "Ysotae" {Fly rElec Regen+ Str-5}
rPois   .            (helmet restricted)
rElec   +            D - +2 cloak of Keowoc {rCorr Int+5}
rCorr   +            k - +2 pair of gloves {Str+3}
SInv    .            (no boots)
Will    .....        f - amulet of regeneration Stlth
                     i - ring of protection from fire
HPRegen 1.98/turn    (no ring)
MPRegen 0.13/turn

%: no passive effects
@: flying, slowed, very slow
A: horns 2, retaliatory headbutt
a: Renounce Religion, Heroism, Finesse, Duel, Receive Weapon, Receive Armour


You were on level 2 of the Lair of Beasts.
You worshipped Okawaru.
Okawaru was exalted by your worship.
You visited 3 branches of the dungeon, and saw 15 of its levels.
You also visited: Bailey.

You collected 1084 gold pieces.

Inventory:

Hand Weapons
 a - a +0 scimitar (weapon)
Armour
 b - a +3 scale mail of fire resistance
 c - a +0 chain mail
 d - a +0 buckler (worn)
 k - a +2 pair of gloves of strength (worn)
 D - the +2 cloak of Keowoc (worn) {rCorr Int+5}
   (You found it in a bailey)

   Int+5:     It affects your intelligence (+5).
   rCorr:     It protects you from acid and corrosion.
 E - the +4 chain mail "Ysotae" (worn) {Fly rElec Regen+ Str-5}
   (You found it in a bailey)

   Str-5:     It affects your strength (-5).
   rElec:     It insulates you from electricity.
   Fly:       It grants you flight.
   Regen+:    It increases your rate of health regeneration.
Jewellery
 f - an amulet of regeneration (around neck)
 i - a ring of protection from fire (left hand)
 s - a +5 ring of evasion
 y - an amulet of guardian spirit
 C - a ring of ice
 G - a ring of resist corrosion
 I - a ring of wizardry
 R - a ring of flight
 S - a +6 ring of dexterity
 T - a ring of positive energy
 W - a ring of magical power
 X - a ring of magical power
Wands
 n - a wand of polymorph (7)
 A - a wand of quicksilver (13)
 F - a wand of digging (2)
 O - a wand of flame (7)
 P - a wand of iceblast (4)
Scrolls
 h - a scroll of fog
 j - 2 scrolls of immolation
 l - 2 scrolls of revelation
 m - a scroll of enchant armour
 q - 3 scrolls of fear {unknown}
 r - 4 scrolls of amnesia
 t - 8 scrolls of teleportation
 u - 3 scrolls of enchant weapon
 K - a scroll of blinking
 L - a scroll of silence
 M - 2 scrolls of noise {unknown}
Potions
 e - a potion of might
 g - 3 potions of heal wounds
 o - a potion of ambrosia
 p - 7 potions of curing
 v - 4 potions of mutation
 w - 6 potions of attraction
 x - 3 potions of haste
 z - a potion of magic {unknown}
 B - a potion of brilliance {unknown}
 H - 2 potions of enlightenment {unknown}
 J - a potion of degeneration {unknown}
 Q - a potion of resistance {unknown}
 V - a potion of invisibility {unknown}


   Skills:
 + Level 11.6 Fighting
 + Level 15.2 Long Blades
 + Level 11.6 Armour
 + Level 6.0 Dodging
 + Level 1.6 Stealth
 + Level 10.8 Shields
 + Level 1.7 Unarmed Combat
 + Level 1.5 Invocations
 + Level 1.2 Evocations


You had 11 spell levels left.
You didn't know any spells.
Your spell library contained the following spells:

 Spells                   Type           Power      Damage    Failure   Level
 Freeze                   Ice            0%         1d3       94%         1
 Sublimation of Blood     Necr           0%         N/A       98%         2
 Frozen Ramparts          Ice            0%         1d1       100%        3
 Fugue of the Fallen      Necr           0%         N/A       100%        3
 Hailstorm                Conj/Ice       0%         3d5       100%        3
 Ozocubu's Armour         Ice            0%         N/A       100%        3
 Ignite Poison            Fire/Alch      0%         N/A       100%        4
 Manifold Assault         Tloc           0%         N/A       100%        4
 Sticky Flame             Fire/Alch      0%         2d4       100%        4
 Metabolic Englaciation   Hex/Ice        0%         N/A       100%        5
 Conjure Ball Lightning   Conj/Air       0%         3x3d6     100%        6
 Discord                  Hex            0%         N/A       100%        8
 Disjunction              Tloc           0%         N/A       100%        8
 Ignition                 Fire           0%         3d3       100%        8
 Call Imp                 Summ           Unusable   N/A       N/A         2
 Sculpt Simulacrum        Ice/Alch       Unusable   N/A       N/A         6
 Summon Hydra             Summ           Unusable   N/A       N/A         7

Dungeon Overview and Level Annotations

Branches:
Dungeon (11/15)            Temple (1/1) D:5            Lair (3/5) D:10
    Orc (0/2) D:9          Bailey (visited)
  Swamp: Lair:2-3    Shoals: Lair:2-3     Snake: Lair:2-3    Spider: Lair:2-3

Altars:
Ashenzari
Cheibriados
Dithmenos
Elyvilon
Fedhas
Gozag
Hepliaklqana
Kikubaaqudgha
Makhleb
Nemelex Xobeh
Okawaru
Qazlal
Ru
Sif Muna
Trog
Uskayaw
Vehumet
Wu Jian
Xom
Yredelemnul
Zin
The Shining One

Shops:
D:3 [   D:7 *

Annotations:
D:10 1 transporter, raetorn's ghost, journeyman TrSh
Lair:3 Sonja


Innate Abilities, Weirdness & Mutations

You have a pair of horns on your head.
You reflexively headbutt those who attack you in melee.


Message History

You feel sick. The wyvern completely misses you. You furiously retaliate!
You headbutt the wyvern!
You kill the wyvern!
Okawaru accepts your kill. The skyshark barely misses you.
You furiously retaliate!
You headbutt the skyshark. You block the skyshark's attack.
The skyshark tail-slaps you but does no damage.
You hit the skyshark but do no damage.
You headbutt the skyshark, but do no damage.
The skyshark is lightly wounded.
You feel sick.
The skyshark bites you but does no damage.
You block the skyshark's attack. The skyshark tail-slaps you.
* * * LOW HITPOINT WARNING * * *
The skyshark barely misses you.
The skyshark tail-slaps you but does no damage. x2
You slash the skyshark!
The skyshark is lightly wounded.
You feel sick. The skyshark barely misses you.
The skyshark tail-slaps you but does no damage.
The skyshark barely misses you.
Unknown command.
You hit the skyshark. You headbutt the skyshark.
The skyshark is lightly wounded.
You feel sick. You block the skyshark's attack. The skyshark barely misses you.
The skyshark tail-slaps you but does no damage.
The skyshark bites you but does no damage.
The skyshark tail-slaps you but does no damage.
The skyshark closely misses you.
You hit the skyshark. Your headbutt misses the skyshark.
The skyshark is lightly wounded.
You feel sick.
You are no longer poisoned.
The skyshark bites you!
* * * LOW HITPOINT WARNING * * *
The skyshark tail-slaps you!
* * * LOW HITPOINT WARNING * * *
The skyshark tail-slaps you but does no damage.
The skyshark bites you!
You die...

..#
##...###......)##
..# ##...........##
..# ##..........#
..# #........### ..#
#......### ..#
####.......# ..#
#.#........##
..####.......#..F##
..##........###†@.##
..##.......##
##...###
...#..(...## ##.#..#
.........## #....##
........## ###...###
........# #P....#
.......## ##....##
......## ##....##
....### #..#...##


You could see a skyshark (berserk).

Vanquished Creatures
  Erolcha (D:11)
  3 two-headed ogres
  A cyclops (D:11)
  Maurice (D:7)
  6 elephants (Lair:1)
  3 black mambas (Lair:2)
  A gargoyle (Bailey)
  7 cane toads
  2 komodo dragons
  A rime drake (Lair:2)
  2 polar bears (Lair:1)
  2 trolls
  3 red devils (D:11)
  8 blink frogs
  Prince Ribbit (D:5)
  2 vampires
  7 yaks
  2 basilisks
  2 wyverns
  3 steam dragons
  3 wargs (D:9)
  7 vampire mosquitoes (D:11)
  An acid dragon (D:11)
  7 water moccasins
  2 black bears
  6 orc warriors
  3 centaurs
  A phantom (D:5)
  9 bullfrogs
  A kobold brigand (D:11)
  4 scorpions
  8 wights
  17 killer bees
  3 howler monkeys
  6 vampire bats (Bailey)
  9 wolf zombies (Bailey)
  3 bombardier beetles
  4 orc priests
  Crazy Yiuf (D:6)
  2 hounds
  A jelly (D:7)
  3 sleepcaps
  3 hell rats (Lair:1)
  3 iguanas
  6 orc wizards
  4 gnolls (D:7)
  10 adders
  7 river rats (Lair:1)
  A shadow imp (D:6)
  A white imp (D:6)
  6 ufetubi
  A dart slug (D:5)
  A ribbon worm (D:2)
  29 orcs
  6 endoplasms
  A giant cockroach (D:4)
  10 hobgoblins
  4 jackals (D:3)
  7 quokkas
  13 ball pythons
  6 bats
  5 frilled lizards
  9 goblins
  16 kobolds
  17 orc zombies (Bailey)
  11 rats
336 creatures vanquished.

Notes
Turn   | Place    | Note
-------+----------+-------------------------------------------
     0 | D:1      | Peloso the Minotaur Fighter began the quest for the Orb.
     0 | D:1      | Reached XP level 1. HP: 19/19 MP: 0/0
   179 | D:1      | Reached XP level 2. HP: 27/27 MP: 1/1
   834 | D:2      | Reached XP level 3. HP: 29/33 MP: 2/2
  1324 | D:2      | Reached skill level 3 in Long Blades
  1478 | D:2      | Reached XP level 4. HP: 28/41 MP: 3/3
  1795 | D:2      | Reached skill level 1 in Dodging
  2012 | D:3      | Reached XP level 5. HP: 47/47 MP: 4/4
  2045 | D:3      | Reached skill level 4 in Long Blades
  2181 | D:3      | Found Haqahud's Armour Emporium.
  2265 | D:3      | Found a sacrificial altar of Ru.
  2629 | D:4      | Reached skill level 5 in Armour
  2629 | D:4      | Reached skill level 5 in Shields
  2629 | D:4      | Reached XP level 6. HP: 42/53 MP: 5/5
  3026 | D:4      | Reached skill level 5 in Long Blades
  3262 | D:5      | Entered Level 5 of the Dungeon
  3331 | D:5      | Found a hide-covered altar of Uskayaw.
  3332 | D:5      | Noticed a +0 dagger
  3332 | D:5      | Noticed a +0 hand axe
  3338 | D:5      | Reached XP level 7. HP: 49/60 MP: 6/6
  3434 | D:5      | Found an ancient bone altar of Kikubaaqudgha.
  3441 | D:5      | Noticed Prince Ribbit
  3456 | D:5      | Reached skill level 6 in Long Blades
  3466 | D:5      | Killed Prince Ribbit
  3467 | D:5      | Reached skill level 5 in Fighting
  3498 | D:5      | Found a staircase to the Ecumenical Temple.
  3527 | Temple   | Entered the Ecumenical Temple
  3897 | D:5      | Reached skill level 7 in Long Blades
  3913 | D:5      | Found an iron altar of Okawaru.
  3939 | D:5      | Became a worshipper of Warmaster Okawaru
  4190 | D:6      | Reached XP level 8. HP: 69/69 MP: 7/7
  4352 | D:6      | Found a white marble altar of Elyvilon.
  4446 | D:6      | Reached skill level 8 in Long Blades
  4690 | D:6      | Reached * piety under Okawaru
  4704 | D:6      | Reached skill level 1 in Stealth
  4827 | D:6      | Found a glowing silver altar of Zin.
  4827 | D:6      | Found a shadowy altar of Dithmenos.
  4848 | D:6      | Reached skill level 9 in Long Blades
  5080 | D:7      | Found Goeticos's Serpentskin Sales.
  5098 | D:7      | Reached XP level 9. HP: 61/78 MP: 8/8
  5416 | D:7      | Noticed Maurice
  5627 | D:6      | Found a runed translucent door.
  5628 | D:6      | Noticed Crazy Yiuf
  5635 | D:6      | Killed Crazy Yiuf
  5635 | D:6      | Reached ** piety under Okawaru
  5729 | D:7      | Maurice stole an amulet of guardian spirit
  5734 | D:7      | Maurice stole a throwing net
  5736 | D:7      | Maurice stole 174 gold
  5742 | D:7      | Maurice stole 238 gold
  5787 | D:7      | Killed Maurice
  5788 | D:7      | Reached skill level 10 in Long Blades
  5911 | D:7      | Reached skill level 1 in Invocations
  6291 | D:8      | Reached skill level 1 in Unarmed Combat
  6485 | D:8      | Found a flagged portal.
  6502 | Bailey   | Entered a bailey
  6635 | Bailey   | Noticed a gargoyle
  6648 | Bailey   | Killed a gargoyle
  6648 | Bailey   | Reached *** piety under Okawaru
  6649 | Bailey   | Reached skill level 11 in Long Blades
  6649 | Bailey   | Reached XP level 10. HP: 53/88 MP: 9/9
  6844 | Bailey   | Identified the +4 leather armour "Tofenem" {rN+}
  6883 | Bailey   | Identified the +2 cloak of Keowoc {rCorr Int+5}
  6884 | Bailey   | Identified the +4 chain mail "Ysotae" {Fly rElec Regen+
                  | Str-5}
  7417 | D:9      | Noticed a two-headed ogre
  7429 | D:9      | Killed a two-headed ogre
  7500 | D:9      | Reached **** piety under Okawaru
  7528 | D:9      | Reached skill level 12 in Long Blades
  7617 | D:9      | Found a staircase to the Orcish Mines.
  8168 | D:10     | Entered Level 10 of the Dungeon
  8212 | D:10     | Noticed a two-headed ogre
  8221 | D:10     | Killed a two-headed ogre
  8221 | D:10     | Reached ***** piety under Okawaru
  8222 | D:10     | Reached XP level 11. HP: 94/97 MP: 7/10
  8316 | D:10     | Noticed a two-headed ogre
  8325 | D:10     | Found a transporter.
  8326 | D:10     | Found a staircase to the Lair.
  8327 | D:10     | Identified the +1 great mace "Gekeph" {drain, Dex+3}
  8327 | D:10     | Identified the +8 giant spiked club of Saltpetre {spect,
                  | Stlth+}
  8327 | D:10     | Noticed a two-headed ogre
  8329 | D:10     | Noticed a two-headed ogre
  8329 | D:10     | Noticed raetorn's ghost (journeyman TrSh)
  8331 | D:10     | Noticed a two-headed ogre
  8419 | D:10     | Reached skill level 13 in Long Blades
  8458 | D:10     | Found an opulent altar of Gozag.
  8597 | D:11     | Noticed a two-headed ogre
  8603 | D:11     | Killed a two-headed ogre
  8604 | D:11     | Reached skill level 5 in Dodging
  8647 | D:11     | Noticed Erolcha
  8653 | D:11     | Killed Erolcha
  8725 | D:11     | Reached skill level 10 in Fighting
  8782 | D:11     | Reached skill level 1 in Evocations
  8798 | D:11     | Reached skill level 10 in Armour
  8867 | D:11     | Reached skill level 14 in Long Blades
  9547 | Lair:1   | Entered Level 1 of the Lair of Beasts
  9596 | Lair:1   | Received a gift from Okawaru
 10111 | Lair:1   | Reached XP level 12. HP: 108/108 MP: 12/12
 10230 | Lair:1   | Received a gift from Okawaru
 10266 | Lair:1   | Reached skill level 10 in Shields
 10597 | Lair:2   | Reached skill level 15 in Long Blades
 10609 | Lair:2   | Reached ****** piety under Okawaru
 10634 | Lair:2   | Received a gift from Okawaru
 11316 | Lair:3   | Noticed Sonja
 11330 | Lair:2   | HP: 3/111 [skyshark (10)]
 11330 | Lair:2   | Slain by a skyshark

Illustrated notes

Levels and vault maps discovered:
D:1:      giann_wishing_wells, layout_loops_ring
D:2:      minmay_alternating_diamond, layout_basic
D:3:      layout_basic, nicolae_ru_awakened_eye, serial_shops, shop
D:4:      layout_cave_pods
D:5:      layout_basic, kiku_gazebo_pond_becter, dancing_weapons_uskayaw,
          mainiacjoe_overflow_catwalk, minmay_temple_entry_large_hall,
          serial_bayou, serial_bayou_pond_d, serial_bayou_lake_a,
          serial_bayou_pond_a, serial_bayou_shore_b, uniq_prince_ribbit1
D:6:      kennysheep_steamy, layout_loops_corners,
          mainiacjoe_overflow_surrounded_room,
          gammafunk_temple_overflow_elements, uniq_crazy_yiuf_cottage
D:7:      wander_river, layout_basic, guppyfry_shop_venom, uniq_maurice
D:8:      layout_basic, enter_bailey_3
D:9:      layout_small_grid, david_orc_1_choice
D:10:     layout_rooms, nicolae_overflow_hidden_temple, lair_entry_dummy,
          gammafunk_ghost_smash
D:11:     layout_basic, einodemon_armed_red_devil_minivault, uniq_erolcha
Temple:   jpeg_temple_clearing
Lair:1:   layout_concentric_octagons, kennysheep_abandoned_house,
          serial_bayou_shore_b, grunt_megastairs_3, serial_bayou_shore_b,
          infiniplex_staircase_pool_2
Lair:2:   layout_hall_layers
Lair:3:   layout_misc_corridors, swamp_mist_pool, spider_nest_entry_webs,
          st_stairs_12, serial_bayou_shore_a, uniq_nessos, uniq_josephine,
          uniq_sonja

Skill      XL: |  1  2  3  4  5  6  7  8  9 10 11 12 |
---------------+-------------------------------------+-----
Fighting       | 4 5 6 8 9 10 11 | 11.6
Shields        | 4 5 6 7 8 9 10 | 10.8
Armour         | 4 5 6 7 8 9 10 11 | 11.6
Long Blades    | 3 4 5 7 9 11 12 14 15 | 15.2
Dodging        | 1 2 3 4 5 6 |  6.0
Stealth        | 1 |  1.6
Invocations    | 1 |  1.5
Unarmed Combat | 1 |  1.7
Evocations     | 1 |  1.2

Action                     |  1- 3 |  4- 6 |  7- 9 | 10-12 || total
---------------------------+-------+-------+-------+-------++-------
  Melee: Long sword        |    94 |   152 |   321 |       ||   567
         Headbutt          |    10 |    26 |    72 |   162 ||   270
         Scimitar          |       |       |    58 |   716 ||   774
         Unarmed           |       |       |    27 |       ||    27
 Invoke: Heroism           |       |       |     1 |     4 ||     5
  Evoke: Wand              |       |       |     2 |     6 ||     8
    Use: Scroll            |     2 |     4 |     3 |     6 ||    15
         Potion            |       |       |       |     3 ||     3
 Armour: Scale mail        |    78 |   163 |       |       ||   241
         Chain mail        |       |     5 |   343 |   561 ||   909
         Skin              |       |       |    28 |       ||    28
  Dodge: Dodged            |    49 |   110 |   225 |   297 ||   681
  Block: Buckler           |    36 |    63 |   109 |   216 ||   424
